[Event "Champions Chess Tour  Aimchess Rapid 2023"]
[Site "Chess.com"]
[Date "2023.07.13"]
[Round "53"]
[White "So, Wesley"]
[Black "Iturrizaga Bonelli, Eduardo"]
[Result "1-0"]
[WhiteElo "2860"]
[BlackElo "2727"]
[ECO "A33"]
[EventDate "2023.??.??"]
[Annotator "rafael"]
[PlyCount "133"]
[Beauty "5983988089923"]
[EventType "rapid"]
[TimeControl "900+3"]

1.e4 c5 2.Nf3 e6 3.d4 cxd4 4.Nxd4 a6 5.g3 {Only the sixth most popular move against the Paulsen, it's perfectly playable.} 5...Nf6 ( 5...d5 {is a critical move.} 6.Nb3 $1 Nf6 ( 6...dxe4 7.Qxd8+ Kxd8 8.N1d2 f5 9.f3 exf3 10.Nxf3 {with good compensation for the pawn.} ) 7.exd5 exd5 8.Bg2 {White keeps some chances of an opening advantage.} ) 6.Bg2 d6 7.O-O ( 7.c4 {is also possible, for instance:} 7...Bd7 8.O-O Nc6 9.Nc3 Be7 10.Nxc6 Bxc6 11.a4 a5 12.Be3 O-O 13.Qe2 {with an advantage for White in Giri-Carlsen, Paris (blitz) 2016.} ) 7...Qc7 8.b3 $1 Be7 9.c4 O-O 10.Nc3 Bd7 11.Bb2 Nc6 12.Rc1 ( 12.Nc2 $5 {[%c_effect c2;square;c2;type;Interesting;persistent;true] It makes sense to keep the knights on the board.} ) 12...Nxd4 13.Qxd4 {A typical hedgehog position. Black is passive but solid.} 13...Rfd8 14.Rfd1 ( 14.Nd1 {was played by the legendary Viktor Korchnoi. The game arrived at this position by a totally different move order.} 14...Rac8 15.Ne3 Qb8 16.a4 b6 ( 16...b5 $2 17.cxb5 axb5 18.a5 {The a-pawn is dangerous.} ) 17.Rfe1 Be8 18.h4 $5 Bf8 19.g4 {with the initiative for White after this very creative play. Korchnoi-Bischoff, Garmisch Partenkirchen (rapid) 1994.} ) 14...Be8 15.h3 Rac8 16.Kh2 Qa5 {A new move. The queen is going to h5.} ( 16...Qb8 17.a4 b6 {was Loncar-Mandekic, Kostrena 2002.} ) 17.Qd2 Qh5 $5 {[%c_effect h5;square;h5;type;Interesting;persistent;true] This maneuver sharpens the game.} 18.Ba3 Bf8 19.Ne2 Bc6 20.Nf4 Qh6 {A curious square for the queen, but it turns out that Black's position is playable.} 21.Qe2 e5 ( 21...g5 $1 {[%c_effect g5;square;g5;type;GreatFind;persistent;true] is an interesting way to play. Black has a very concrete tactical operation in mind.} 22.Nd3 Qg6 23.Re1 Nxe4 $1 {[%c_effect e4;square;e4;type;GreatFind;persistent;true] This is it $1} 24.Bxe4 Bxe4 25.Qxe4 Qxe4 26.Rxe4 d5 27.cxd5 Bxa3 28.Rxc8 Rxc8 29.dxe6 fxe6 {with good drawing chances for Black.} ) 22.Nd3 ( 22.Nd5 $1 {[%c_effect d5;square;d5;type;GreatFind;persistent;true] is more accurate:} 22...Nxd5 23.cxd5 Bb5 24.Qe1 Qf6 25.Bb4 {White has a space advantage and pressure on the queenside.} ) 22...Qg6 23.Re1 $6 ( 23.f3 $1 {[%c_effect f3;square;f3;type;GreatFind;persistent;true] is better.} ) 23...h5 ( 23...Nxe4 $5 {[%c_effect e4;square;e4;type;Interesting;persistent;true] Again this tactical idea works:} 24.Bxe4 Qxe4 25.Qxe4 Bxe4 26.Rxe4 d5 27.cxd5 Bxa3 28.Rxc8 Rxc8 {with a likely draw. Black is very active, and this compensates for the loss of the e-pawn.} ) 24.h4 Ng4+ 25.Kg1 Nf6 $6 ( 25...d5 $1 {[%c_effect d5;square;d5;type;GreatFind;persistent;true] Another pretty tactical move. By now the conclusion is that White's bishop is not well placed on a3.} 26.exd5 $1 ( 26.Bxf8 dxe4 27.Bxe4 Bxe4 28.Qxe4 Qxe4 29.Rxe4 Rxd3 30.Bb4 f5 {Black has some pressure in the endgame.} ) 26...Bxa3 27.dxc6 bxc6 ( 27...Bxc1 $2 28.cxb7 ) ( 27...Qxd3 {leads to a crazy endgame after} 28.Qxd3 Rxd3 29.cxb7 Rb8 30.c5 Bxc1 31.Rxc1 Rd7 32.c6 Rc7 33.b4 {The pawns look very menacing.} ) 28.Rcd1 Re8 {with equal chances.} ) 26.Kh2 Ng4+ 27.Kg1 Nf6 28.Bb2 a5 29.Qe3 Ng4 ( 29...b5 $5 ) 30.Qe2 Nf6 31.Qe3 Ng4 32.Qg5 $1 Qh7 ( 32...Qxg5 $2 33.hxg5 {The knight on g4 is lost.} ) 33.f3 Nf6 34.Bh3 Bd7 35.Bxd7 Nxd7 36.Red1 ( 36.Kg2 {is more accurate. If Black tries the same plan with} 36...g6 37.Qd2 Bh6 {White can reply} 38.f4 $1 ) 36...g6 37.Qd2 Bh6 38.Qxa5 $5 {[%c_effect a5;square;a5;type;Interesting;persistent;true] An interesting exchange sacrifice.} ( 38.f4 {White's pieces are not so well placed for this move.} 38...Re8 {with counterplay.} ) 38...Bxc1 39.Bxc1 Qg7 ( 39...f6 {is probably more precise.} ) 40.Nb4 ( 40.Qd5 $5 ) 40...Nf6 $2 {[%c_effect f6;square;f6;type;Mistake;persistent;true] The wrong route for the knight.} ( 40...Nc5 $1 {[%c_effect c5;square;c5;type;GreatFind;persistent;true] is better: the knight heads to e6 and then d4.} ) 41.Bg5 $1 Rd7 42.Kg2 $2 ( 42.Qb5 $1 Rcc7 43.Kg2 {White is close to winning. It's difficult to untangle Black's pieces.} ) 42...Ne8 $1 43.Nd5 f6 44.Nb6 $5 {[%c_effect b6;square;b6;type;Interesting;persistent;true] Getting the exchange back but weakening the king and leaving the knight far from the game.} ( 44.Be3 Rf7 {with a double-edged fight.} ) 44...fxg5 45.Nxc8 gxh4 46.gxh4 Qf6 $2 ( 46...g5 $1 {[%c_effect g5;square;g5;type;GreatFind;persistent;true] is the right way to attack. The game ends in a draw after} 47.Qd5+ Kf8 48.Qe6 gxh4+ 49.Kh1 Qg3 $1 50.Qxd7 Qxf3+ 51.Kh2 Qg3+ ) 47.Qe1 $2 ( 47.Qb5 $1 {[%c_effect b5;square;b5;type;GreatFind;persistent;true] After this move, the game is over: Black has no time to bring the pieces to the attack.} 47...Qd8 ( 47...Qe6 48.c5 $1 ) 48.Nb6 Rf7 49.Qxe5 $1 {[%c_effect e5;square;e5;type;GreatFind;persistent;true] winning material.} ) 47...Rg7 48.Nb6 g5 49.Nd5 gxh4+ 50.Kf2 Qg5 51.Qg1 Qd8 52.Qh2 Nf6 $6 ( 52...Qa5 $1 {[%c_effect a5;square;a5;type;GreatFind;persistent;true] is correct.} ) 53.Ne3 $1 Qa5 54.a4 Qc3 55.Qxh4 Qb2+ 56.Kf1 Rg6 $2 {[%c_effect g6;square;g6;type;Mistake;persistent;true] It is still possible to achieve a draw after} ( 56...Qxb3 $1 57.Ke2 Kf7 58.Rxd6 Qb2+ 59.Rd2 Qa1 60.Rd6 Qb2+ ) 57.Rxd6 $1 Qc1+ ( 57...Qxb3 58.Ke2 ) 58.Ke2 Kf7 ( 58...Rg1 59.c5 {The knight is the king's best friend. Black is not threatening anything, and White can advance the pawns.} ) 59.Qh3 Qb2+ 60.Rd2 Qxb3 61.Qf5 $1 Kg7 62.Qxe5 {White has a material advantage and a winning attack.} 62...Qb1 63.Nf5+ Kh7 64.Qe7+ Kh8 65.Rd8+ Ng8 66.Qe5+ Kh7 67.Rd7+ 1-0

[Event "E Women's Chess World Championship"]
[Site "Chess.com"]
[Date "2023.07.06"]
[Round "2"]
[White "Ju, Wenjun"]
[Black "Lei, Tingjie"]
[Result "1/2-1/2"]
[WhiteElo "2564"]
[BlackElo "2554"]
[ECO "B14"]
[EventDate "2023.??.??"]
[Annotator "rafael"]
[PlyCount "80"]
[Beauty "6117241389063"]
[EventType "match"]
[EventRounds "2"]
[EventCountry "FID"]
[TimeControl "40/5400+30:1800+30"]

1.d4 d5 2.c4 e6 3.Nf3 Nf6 4.Nc3 c5 5.e3 ( 5.cxd5 {is White's main option. A quick overview of this opening:} 5...cxd4 {The modern approach, trying to achieve a draw with forcing play.} ( 5...exd5 {The old Tarrasch, once a Kasparov favorite, that is now getting back to fashion again thanks to some new ideas.} ) ( 5...Nxd5 {The solid and passive Semi-Tarrasch, a reliable weapon that I can't play with Black because I used to have nightmares after reading the analysis of the famous game Polugaevsky-Tal from the former's. book \"Grandmaster Preparation.\"} ) ) 5...Nc6 ( 5...cxd4 6.exd4 {Transposes to a position that can be achieved with many move orders, including the Panov Variation against the Caro-Kann.} ) 6.cxd5 ( 6.a3 {is a clever waiting move that is very popular.} ) 6...exd5 ( 6...Nxd5 {is also possible.} ) 7.Bb5 cxd4 8.exd4 ( 8.Nxd4 {was played recently by Caruana in a classical game.} 8...Bd7 9.O-O Bd6 10.Nf3 Be6 11.b3 a6 12.Bd3 Ne5 13.Nxe5 Bxe5 14.Bb2 Rc8 15.Rc1 O-O 16.f4 Bc7 17.Ne2 Bb6 18.Bd4 Bxd4 19.Nxd4 Qa5 20.Qe2 {with a balanced position which later ended in a win for White. Caruana-Nepomniachtchi, Bucharest 2023.} ) 8...Bd6 9.O-O O-O 10.Bg5 Bg4 {The bishops have a curious dynamic in this variation. They are moving around all the time, pinning pieces and trying to unpin others.} 11.Be2 {The bishop comes back to help the f3-knight. Both players show good knowledge of the latest developments in this fashionable line.} 11...Be6 {The bishops keep moving. This one comes back to secure the d5-pawn. 11...Re8 is the most popular move.} ( 11...Re8 ) 12.Re1 h6 13.Bh4 Rc8 ( 13...Re8 {was played by Nepomniachtchi:} 14.Bb5 $1 {[%c_effect b5;square;b5;type;GreatFind;persistent;true] Time to go back for the pin. Is there any other opening where the bishops from both sides do so much work $2} 14...g5 15.Bg3 Bxg3 ( 15...Bg4 $1 {[%c_effect g4;square;g4;type;GreatFind;persistent;true] is better.} ) 16.hxg3 Bg4 17.Bxc6 bxc6 18.Qd3 Bxf3 19.gxf3 Qd6 20.Kg2 {with an advantage for White in Mamedyarov-Nepomniachtchi, Zagreb (Rapid) 2022.} ) 14.a3 {It's not very clear what this move accomplishes.} ( 14.Qd2 {is a better way to fight for the advantage.} ) 14...Re8 {A new move.} ( 14...a6 {was played in Murshed-Roghani, Kolkata 2001.} ) 15.Bb5 {It's not so easy for White to make a useful move.} ( 15.Rc1 {is natural, but the rook is not comfortable here after} 15...Bf4 ) ( 15.Qd2 {is possible, although after a2-a3 White has to worry about Nc6-a5.} ) 15...a6 {Asking the bishop to take a decision. Considering that White's capture on c6 is unpleasant, maybe playing 15...g5 first was more accurate.} ( 15...g5 $1 16.Bg3 Bg4 {with a good position for Black.} ) 16.Ba4 $6 {[%c_effect a4;square;a4;type;Inaccuracy;persistent;true] Who says A, must say B. If the bishop goes to b5, it must be ready to capture the knight.} ( 16.Bxc6 {This makes more sense.} 16...bxc6 {This capture is necessary, since taking with the rook loses a pawn.} ( 16...Rxc6 17.Bxf6 Qxf6 18.Nxd5 {Black's compensation for the pawn doesn't look enough for equality.} ) 17.Qd3 {with a small advantage for White. Certainly better than what happens in the game.} ) 16...b5 17.Bc2 g5 {The bishops keep moving, for lack of a better option.} 18.Bg3 {Whenever g5 is played in the world, there's someone considering taking the pawn with the knight, sacrificing a piece and going for the glory. Unfortunately, the cases when these sacs are actually good amount to approximately 3\%, according to the latest estimate.} ( 18.Nxg5 $2 hxg5 19.Bxg5 Kg7 {The only attack you see on the board is an attack of laughter.} ) 18...Bxg3 19.hxg3 Qb6 20.Qd2 Bg4 $1 {[%c_effect g4;square;g4;type;GreatFind;persistent;true] Another bishop move. I have lost count of how many times they went back and forth. With this pawn structure, the bishop has an unusual peace of mind on the g4-square, never having to worry what to do against h2-h3. The same peace of mind is not achieved by the d4-pawn, which needs constant protection. Black's position is more pleasant.} 21.Rxe8+ Rxe8 22.Rd1 Kf8 {These patient moves are not easy to play.} ( 22...Ne4 {is tempting, but nothing serious happens after} 23.Qd3 ( 23.Nxd5 $2 {[%c_effect d5;square;d5;type;Mistake;persistent;true] loses to} 23...Nxd2 24.Nxb6 Nxf3+ 25.gxf3 Bxf3 ) ) ( 22...b4 23.axb4 Nxb4 24.Na4 Qb5 25.Nc3 {with equality.} ) ( 22...Na5 {is an interesting option, heading with the knight to c4.} ) 23.Qd3 {Anticipating Black's knight move to e4.} 23...b4 24.Na4 Qb5 25.axb4 Qxd3 26.Rxd3 Nxb4 27.Rd2 {Black has some pressure in the endgame due to her more active pieces.} 27...Nd7 ( 27...Ne4 {The aggressive knight move is again tempting, but White has no problems after} 28.Bxe4 dxe4 29.Ne5 Be6 30.Nc5 ) ( 27...Rc8 {forces White's knight to go back.} 28.Nc3 {Black's position is more comfortable, but there's no clear way to improve it.} ( 28.Nc5 {is not so good after} 28...Nd7 $1 {[%c_effect d7;square;d7;type;GreatFind;persistent;true] with unpleasant pressure.} ) ) 28.Bb3 Bf5 ( 28...Bxf3 $1 {[%c_effect f3;square;f3;type;GreatFind;persistent;true] is the best way to fight for a win:} 29.gxf3 Re1+ 30.Kg2 Ke7 {The bishop will be placed on d6 and Black's pieces are active.} ) 29.Nc3 $1 ( 29.Nc5 {is not so good after} 29...Rc8 ) 29...g4 {After this move, the position simplifies and the game peters out to a draw.} 30.Ne5 Nxe5 ( 30...Nb6 31.f3 $1 {[%c_effect f3;square;f3;type;GreatFind;persistent;true] equalizing the game.} ) 31.dxe5 Rxe5 32.Nxd5 Nxd5 33.Bxd5 Re1+ 34.Kh2 a5 35.f3 h5 36.Rd4 Kg7 37.Ra4 Re5 38.Rd4 Re1 39.Ra4 Re5 40.Rd4 Re1 1/2-1/2

[Event "E Women's Chess World Championship"]
[Site "Chess.com"]
[Date "2023.07.09"]
[Round "4"]
[White "Ju, Wenjun"]
[Black "Lei, Tingjie"]
[Result "1/2-1/2"]
[WhiteElo "2564"]
[BlackElo "2554"]
[ECO "D24"]
[EventDate "2023.??.??"]
[Annotator "rafael"]
[PlyCount "125"]
[Beauty "5017863986184"]
[EventType "match"]
[EventRounds "2"]
[EventCountry "FID"]
[TimeControl "40/5400+30:1800+30"]

1.d4 d5 2.c4 e6 3.Nf3 Nf6 4.Nc3 dxc4 5.e4 b5 $5 {[%c_effect b5;square;b5;type;Interesting;persistent;true] This is an interesting and risky variation that I like to call the \"Argentine Variation,\" as it's often played by many Argentine grandmasters. It was played by Firouzja against Radjabov in the first round of last year's Candidates Tournament. Radjabov is on Lei's team so they certainly did a lot of work on this line.} 6.e5 Nd5 7.Nxb5 Nb6 8.Be2 ( 8.a3 {was Carlsen's choice in an important game this year. The idea of this pawn move, which can be tried in different positions on this line, is to avoid ...Nb4, the usual path to reach the d5-square.} 8...Nc6 9.Be3 Qd7 10.Nc3 Bb7 11.Qc2 Na5 12.Rd1 {Carlsen-Nakamura, Airthings (rapid) 2023. Carlsen won a nice game, but it's easy to bet that Lei's team has an improvement somewhere for Black.} ) 8...Nc6 9.O-O Be7 10.Be3 O-O {The game follows the main line of the variation.} 11.Nc3 Rb8 {This is an important position.} 12.b3 ( 12.a3 {was played by Radjabov:} 12...Na5 13.Qc2 Nd5 14.Rad1 Ba6 15.Bd2 Nb3 {with complicated play in Radjabov-Firouzja, Candidates Tournament Madrid 2022.} ) ( 12.Qc1 {with the idea of 13.Rd1 that has also been tried by strong players.} ) 12...cxb3 13.axb3 Bb7 14.Qb1 {The queen frees the path for the f1-rook and also keeps an eye on the kingside.} 14...Nb4 15.Ne4 h6 $1 {[%c_effect h6;square;h6;type;GreatFind;persistent;true] A novelty that was played instantly by Lei. It's the first suggestion of the engine. Black avoids a knight jump to g5.} ( 15...a6 $6 16.Neg5 g6 17.Rc1 {led to a dangerous position for Black in Davytan-Azarov, Cattolica Primavera op 2022.} ) ( 15...N6d5 {was played in Wang-Tabatabaei, Chess.com (rapid). White is better after} 16.Neg5 $1 g6 17.Bd2 ) 16.Rxa7 N6d5 17.Bd2 Nc6 18.Ra1 Ndb4 19.Be3 Nd5 {A tacit draw offer.} 20.Bc1 {Ju decides to play for the win. Only now Lei started to think. She is showing excellent opening preparation in the match.} 20...Ra8 {Black has good compensation for the sacrificed pawn. The reasons are the active pieces, the d5-square, which is firmly occupied by the knight, and the potential counterplay on the queenside.} 21.Rd1 Rxa1 22.Qxa1 Ncb4 ( 22...Qa8 23.Bd2 Rb8 {with an equal position. White's knight cannot go to c5 because of} 24.Nc5 $2 Qxa1 25.Rxa1 Nxd4 $1 ) 23.Nc5 $1 Bc6 24.Bd2 Qb8 25.Qa5 ( 25.Qc1 {is a scary move to face, as the bishop sac on h6 is always a headache. But Black can defend, for instance:} 25...Qa7 26.Bxh6 Na2 $1 ( 26...gxh6 $2 27.Qxh6 {gives White a dangerous attack.} ) 27.Qd2 Nac3 28.Re1 Nxe2+ 29.Rxe2 gxh6 30.Qxh6 Bxc5 31.Qg5+ {with perpetual check.} ) 25...Rd8 26.Rc1 Qb6 27.Qxb6 cxb6 28.Na6 Bb7 29.Nc7 ( 29.Nxb4 Bxb4 {with an equal endgame.} ) 29...g5 $1 {[%c_effect g5;square;g5;type;GreatFind;persistent;true] I love these pawn moves gaining space in the endgame.} ( 29...Rc8 {doesn't fully equalize after} 30.Nxd5 Rxc1+ 31.Bxc1 Bxd5 32.Bc4 ) 30.h3 Nf4 {Concrete play. It's not easy to say goodbye to such a strong knight, but this is done with good reason.} 31.Bxf4 gxf4 32.Nb5 Bc6 33.Kf1 Kf8 34.Rd1 Ra8 35.Nc3 Na2 $1 {[%c_effect a2;square;a2;type;GreatFind;persistent;true] This nice move forces the way for Black's rook.} 36.Nxa2 Rxa2 37.Ne1 Rb2 38.Nd3 Rxb3 39.Nxf4 Ba3 {Played in order to avoid White's rook from reaching the c-file.} ( 39...b5 {Black could start advancing the b-pawn since 40.Rc1 is not so dangerous:} 40.Rc1 ( 40.d5 exd5 41.Nxd5 Bc5 {is fine.} ) 40...Bb7 {with equal chances.} ( 40...Bg5 {is also possible.} ) ) 40.d5 exd5 41.Nxd5 Bc5 {The pair of bishops and the b-pawn are good compensation for the missing pawn.} 42.Nf6 Rb2 {Threatening ...Bxg2+.} 43.f4 ( 43.Nd7+ Bxd7 44.Rxd7 {Now Black can force a draw with} 44...Rb1+ ( 44...b5 {is also playable.} ) 45.Rd1 ( 45.Bd1 Rb2 $1 ) 45...Rxd1+ 46.Bxd1 Bd4 47.f4 f6 48.exf6 ( 48.e6 Bc5 {The king goes to g7, and Black has a fortress.} ) 48...Bxf6 49.Kf2 Kg7 50.Kf3 Bc3 51.g4 Bd2 52.Ke4 Kf6 {White cannot make progress.} ) 43...Rb4 $1 44.g3 Rb3 $1 45.Nd7+ Bxd7 46.Rxd7 Rxg3 {The pawn is regained, and we arrive at an endgame with opposite-colored bishops. The position is drawn, but White can try to press a little.} 47.Bg4 Re3 48.Kg2 Be7 ( 48...Re4 49.Kg3 Re3+ 50.Bf3 b5 $1 51.Rb7 b4 52.Kg2 Be7 53.Bd5 Rd3 {with a draw.} ) 49.Rb7 f6 {An interesting moment. This move is a small inaccuracy, although it doesn't spoil anything. But now White could have made a very cunning winning attempt.} ( 49...Bc5 {is bad due to} 50.Bh5 $1 {[%c_effect h5;square;h5;type;GreatFind;persistent;true] winning a pawn.} ) ( 49...Rb3 $1 50.f5 f6 51.e6 b5 {with a draw.} ) 50.e6 ( 50.Bh5 $1 {[%c_effect h5;square;h5;type;GreatFind;persistent;true] is a dangerous move that would force Lei to find the only way to save the game.} 50...f5 $1 {[%c_effect f5;square;f5;type;GreatFind;persistent;true] Forced.} ( 50...fxe5 $2 51.f5 $1 {[%c_effect f5;square;f5;type;GreatFind;persistent;true] White is threatening 52.f6, and suddenly Black is losing.} ) 51.Rxb6 Bh4 $1 {[%c_effect h4;square;h4;type;GreatFind;persistent;true] Another important move.} ( 51...Kg7 {loses to} 52.Rg6+ {Improving the rook before going for the f5-pawn.} ( 52.Bg6 Bc5 $1 ) 52...Kh7 53.Rc6 Kg7 54.Bg6 {with a winning position.} ) 52.Rxh6 Kg7 53.Rg6+ Kh7 {White cannot win even with a big material advantage.} 54.Rc6 Kg7 {Black has a fortress. Finding these defensive moves is very hard, and the conclusion is that 50.Bh5 would give serious practical winning chances.} ) 50...h5 51.Bf5 h4 52.Bg4 ( 52.Rxb6 Rg3+ 53.Kh1 Rf3 {with a draw.} ) 52...Rg3+ ( 52...Rb3 $1 {[%c_effect b3;square;b3;type;GreatFind;persistent;true] is a good move with the plan of advancing the b-pawn immediately.} ) 53.Kf2 Bc5+ 54.Kf1 ( 54.Ke2 $1 {[%c_effect e2;square;e2;type;GreatFind;persistent;true] is the best winning attempt:} 54...Be7 55.f5 Rb3 56.Kd2 {Black's pawn has no time to reach b4, and White can still try to win.} ) 54...Be7 55.Ke2 ( 55.Rxb6 f5 $1 56.Bxf5 Rf3+ {with a draw.} ) 55...Rb3 56.f5 ( 56.Kd2 b5 57.Kc2 ( 57.f5 b4 $1 ) 57...Rb4 58.f5 Rc4+ $1 59.Kd3 Rc5 ) 56...b5 57.Kd2 b4 $1 {[%c_effect b4;square;b4;type;GreatFind;persistent;true] Now the draw is clear, since White has no meaningful plan.} 58.Rb8+ Kg7 59.Re8 Bd6 60.Rd8 Be7 61.Re8 Bd6 62.Rd8 Be7 63.Re8 {Another well-played game in a very balanced match.} 1/2-1/2